 Dungeon Crawl Stone Soup version 0.20.1-1-g8b1a95d66d (webtiles) character file.

167 NullDivider the Sneak (level 5, -3/34 HPs)
             Began as an Octopode Artificer on Dec 7, 2017.
             Slain by a worker ant (7 damage)
             ... on level 4 of the Dungeon.
             The game lasted 00:08:51 (3461 turns).

NullDivider the Sneak (Octopode Artificer)          Turns: 3461, Time: 00:08:51

Health: -3/34      AC:  1    Str: 11    XL:     5   Next: 48%
Magic:  8/8        EV: 14    Int: 14    God:
Gold:   357        SH:  0    Dex: 13    Spells: 4/4 levels left

rFire    . . .     SeeInvis .   l - +0 short sword (venom)
rCold    + . .     Gourm    .   (no shield)
rNeg     . . .     Faith    .   (helmet restricted)
rPois    .         Spirit   .   (no amulet)
rElec    .         Reflect  .   h - ring of protection from cold
rCorr    .         Harm     .   (no ring)
MR       .....                  (no ring)
Stlth    ++++......             (no ring)
Regen    0.2/turn               (no ring)
MPRegen  0.2/turn               (no ring)
                                (no ring)
                                (no ring)

@: no status effects
A: almost no armour, stealthy swim, amphibious, 8 rings, constrict 8, camouflage
1, gelatinous body 1
a: no special abilities


You were on level 4 of the Dungeon.
You were not hungry.

You visited 1 branch of the dungeon, and saw 4 of its levels.

You collected 357 gold pieces.

Inventory:

Hand Weapons
 l - a +0 short sword of venom (weapon)
Jewellery
 h - a ring of protection from cold (left tentacle)
 p - an uncursed amulet of harm {unknown}
Wands
 b - a wand of flame (15/48)
 c - a wand of enslavement (15/24)
 d - a wand of random effects (15/48)
Scrolls
 a - 2 scrolls of fog {unknown}
 e - 2 scrolls of enchant weapon {unknown}
 i - a scroll of magic mapping {unknown}
 j - 2 scrolls of random uselessness {unknown}
 m - a scroll of teleportation {unknown}
 o - a scroll of fear {unknown}
 q - a scroll of identify {unknown}
 r - a scroll of remove curse {unknown}
Potions
 g - a potion of mutation {unknown}
 k - 2 potions of heal wounds {unknown}
 s - a potion of haste {unknown}
Comestibles
 f - 5 bread rations


   Skills:
 + Level 2.0 Fighting
 + Level 2.2 Short Blades
 + Level 2.6 Dodging
 * Level 4.6 Stealth
 + Level 4.1 Evocations


You had 4 spell levels left.
You didn't know any spells.

Dungeon Overview and Level Annotations

Branches:
Dungeon (4/15)
 Temple: D:4-7

Altars:


Innate Abilities, Weirdness & Mutations

You cannot wear most types of armour.
You are very stealthy in the water. (Stealth+)
You are amphibious.
You can wear up to eight rings at the same time.
You can use your tentacles to constrict eight enemies at once.
Your skin changes colour to match your surroundings (Stealth+).
Your rubbery body absorbs attacks. (AC +1, EV +1)


Message History

You constrict the orc wizard.
The orc wizard gestures at you while chanting.
You resist with some effort. The orc hits you with a short sword.
You hit the orc wizard but do no damage.
The orc wizard is poisoned.
The orc wizard is almost dead.
You constrict the orc wizard.
You kill the orc wizard!
Your Fighting skill increases to level 2!
The orc priest barely misses you. The orc hits you with a short sword.
The worker ant barely misses you. The worker ant bites you.
The orc throws a tomahawk.
The tomahawk barely misses you.
You see here 2 tomahawks.
The worker ant misses you.
The orc priest invokes the aid of Beogh against you.
Beogh smites you!
* * * LOW HITPOINT WARNING * * *
There is a stone staircase leading up here.
The worker ant bites you!
You die...

#.......#
#......(#
#........
#.......#
#.....[
#)..#
#o..#
#o..#
#@a.#
#........
#.l.#####
#...#
#....
#....#
#....#
####.#


You could see a worker ant, an orc priest, an orc and a frilled lizard.

Vanquished Creatures
  A big kobold (D:3)
  An orc wizard (D:4)
  2 adders (D:2)
  3 worms
  4 orcs (D:3)
  2 goblins (D:1)
  12 hobgoblins
  3 kobolds
  A quokka (D:3)
  2 ball pythons (D:3)
  8 bats
  6 frilled lizards
  4 rats
49 creatures vanquished.

Notes
Turn   | Place    | Note
-------+----------+-------------------------------------------
     0 | D:1      | NullDivider the Octopode Artificer began the quest for the Orb.
     0 | D:1      | Reached XP level 1. HP: 13/13 MP: 3/3
   282 | D:1      | Reached XP level 2. HP: 11/18 MP: 4/4
  1485 | D:2      | Reached XP level 3. HP: 12/23 MP: 5/5
  1835 | D:2      | HP: 1/23 [bat (1)]
  1841 | D:2      | HP: 1/23 [bat (1)]
  2565 | D:3      | Reached XP level 4. HP: 12/28 MP: 6/6
  3058 | D:3      | Noticed a big kobold
  3064 | D:3      | Killed a big kobold
  3064 | D:3      | Reached XP level 5. HP: 29/34 MP: 6/8
  3461 | D:4      | Slain by a worker ant

Skill      XL: |  1  2  3  4  5 |
---------------+----------------+-----
Stealth        | 2 3 4 |  4.6
Short Blades   | 2 |  2.2
Evocations     | 4 |  4.1
Fighting       | 2 |  2.0
Dodging        | |  2.6

Action                   |  1- 3 |  4- 6 || total
-------------------------+-------+-------++-------
Melee: Short sword       |    69 |    33 ||   102
       Constrict         |    22 |    10 ||    32
       Tentacles         |    12 |     2 ||    14
 Stab: Sleeping          |     9 |     7 ||    16
       Distracted        |     1 |       ||     1
  Eat: Chunk             |     5 |     3 ||     8
Armor: Skin              |     9 |     5 ||    14
Dodge: Dodged            |    33 |    18 ||    51
